TOP OF THE 1ST |
Boston Rebels batting - Pitching for Hendersonville Hitmen : RHP Samuel Émond
|
Pitching: RHP Samuel Émond
|
|
Batting: LHB Ricardo Brandariz
|
0-0: Called Strike 0-1: Ball 1-1: DOUBLE (Line Drive, 89M)
|
Batting: LHB Stanley Mullins
|
0-0: Ball 1-0: Called Strike 1-1: Ball 2-1: Foul Ball, location: 2F 2-2: Ground out 5-3 (Groundball, 56S) Ricardo Brandariz to third
|
Batting: RHB Clancy Booker
|
0-0: Swinging Strike 0-1: Ball 1-1: Ball 2-1: Fly out, F9 (Line Drive, 89M) Runner from 3rd tags up, SCORES, throw made
|
Batting: LHB Lorenzo Flores
|
0-0: Ball 1-0: Swinging Strike 1-1: DOUBLE (Flyball, 7LD)
|
Batting: SHB Javier Villegas
|
0-0: DOUBLE (Groundball, 5L) Lorenzo Flores scores
|
Batting: LHB Jeff Gordon
|
0-0: Called Strike 0-1: Ball 1-1: Swinging Strike 1-2: Ball 2-2: Foul Ball, location: 2F 2-2: Ball Wild Pitch! Javier Villegas to third 3-2: Strikes out swinging
|
Top of the 1st over - 2 run(s), 3 hit(s), 0 error(s), 1 left on base; Boston 2 - Hendersonville 0 |
BOTTOM OF THE 1ST |
Hendersonville Hitmen batting - Pitching for Boston Rebels : RHP Armand Calazzo
|
Pitching: RHP Armand Calazzo
|
|
Batting: RHB Eduardo García
|
0-0: Fly out, F3 (Line Drive, 34)
|
Batting: LHB Lorenzo Quintanilla
|
0-0: Ball 1-0: Called Strike 1-1: Ball 2-1: Ball 3-1: Called Strike 3-2: Base on Balls
|
Batting: RHB Manolo Román
|
0-0: Foul Ball, location: 2F 0-1: Called Strike 0-2: Ball 1-2: Strikes out looking
|
Batting: LHB Tony Abete
|
Pickoff Throw to First - Out!
|
Bottom of the 1st over - 0 run(s), 0 hit(s), 0 error(s), 0 left on base; Boston 2 - Hendersonville 0 |
TOP OF THE 2ND |
Boston Rebels batting - Pitching for Hendersonville Hitmen : RHP Samuel Émond
|
Batting: RHB Ronnie Brown
|
0-0: Called Strike 0-1: Ball 1-1: Foul Ball, location: 2F 1-2: SINGLE (Line Drive, 56D)
|
Batting: LHB Tony Ramírez
|
0-0: Ground out 6-3 (Groundball, 6) Ronnie Brown to second
|
Batting: RHB Rubén Matos
|
0-0: Ball 1-0: Ball 2-0: Foul Ball, location: 2F 2-1: Ball 3-1: Called Strike 3-2: Base on Balls
|
Batting: LHB Ricardo Brandariz
|
0-0: Swinging Strike 0-1: Ball 1-1: Ball 2-1: Foul Ball, location: 2F 2-2: Strikes out swinging
|
Batting: LHB Stanley Mullins
|
0-0: Ball 1-0: DOUBLE (Line Drive, 78D) Ronnie Brown scores Rubén Matos to third
|
Batting: RHB Clancy Booker
|
0-0: Fly out, F9 (Line Drive, 9M)
|
Top of the 2nd over - 1 run(s), 2 hit(s), 0 error(s), 2 left on base; Boston 3 - Hendersonville 0 |
BOTTOM OF THE 2ND |
Hendersonville Hitmen batting - Pitching for Boston Rebels : RHP Armand Calazzo
|
Batting: LHB Tony Abete
|
0-0: Swinging Strike 0-1: Ball 1-1: Ground out 4-3 (Groundball, 4)
|
Batting: RHB Felipe Rivera
|
0-0: Called Strike 0-1: Foul Ball, location: 2F 0-2: Ball 1-2: Ground out 2-3 (Groundball, 2L)
|
Batting: RHB Bill Mark
|
0-0: Foul Ball, location: 2F 0-1: Ball 1-1: Ball 2-1: Foul Ball, location: 2F 2-2: Ball 3-2: Foul Ball, location: 2F 3-2: Foul Ball, location: 2F 3-2: Foul Ball, location: 2F 3-2: Base on Balls
|
Batting: RHB Junior Vargas
|
0-0: Ball 1-0: Swinging Strike 1-1: Foul Ball, location: 2F 1-2: Foul Ball, location: 2F 1-2: Fly out, F6 (Line Drive, 6)
|
Bottom of the 2nd over - 0 run(s), 0 hit(s), 0 error(s), 1 left on base; Boston 3 - Hendersonville 0 |
TOP OF THE 3RD |
Boston Rebels batting - Pitching for Hendersonville Hitmen : RHP Samuel Émond
|
Batting: LHB Lorenzo Flores
|
0-0: Ball 1-0: Ball 2-0: Ball 3-0: Fly out, F9 (Flyball, 9M)
|
Batting: SHB Javier Villegas
|
0-0: Ball 1-0: Foul Ball, location: 2F 1-1: SINGLE (Groundball, 3S) (infield hit)
|
Batting: LHB Jeff Gordon
|
0-0: Ball 1-0: Ball 2-0: Fly out, F7 (Line Drive, 7S)
|
Batting: RHB Ronnie Brown
|
0-0: Called Strike 0-1: Called Strike 0-2: Fly out, F7 (Flyball, 78M)
|
Top of the 3rd over - 0 run(s), 1 hit(s), 0 error(s), 1 left on base; Boston 3 - Hendersonville 0 |
BOTTOM OF THE 3RD |
Hendersonville Hitmen batting - Pitching for Boston Rebels : RHP Armand Calazzo
|
Batting: RHB Taylor McFarland
|
0-0: Ball 1-0: Ground out 3-1 (Groundball, 34)
|
Batting: RHB Robert Bly
|
0-0: Ball 1-0: Ball 2-0: Called Strike 2-1: Ball 3-1: Base on Balls
|
Batting: RHB Eduardo García
|
0-0: Ball 1-0: Swinging Strike 1-1: Ball 2-1: Ball 3-1: Base on Balls Robert Bly to second
|
Batting: LHB Lorenzo Quintanilla
|
0-0: Ball 1-0: Ball 2-0: Fielders Choice at 2nd, 3-6 (Groundball, 3) Robert Bly to third
|
Batting: RHB Manolo Román
|
0-0: Called Strike 0-1: Swinging Strike 0-2: Ball 1-2: Foul Ball, location: 2F 1-2: Ball 2-2: Foul Ball, location: 2F 2-2: Hit by Pitch Lorenzo Quintanilla to second
|
Batting: LHB Tony Abete
|
0-0: Ball 1-0: Ball 2-0: GRAND SLAM HOME RUN (Line Drive, 9D), Distance : 412 ft
|
Batting: RHB Felipe Rivera
|
0-0: Called Strike 0-1: Ball 1-1: Foul Ball, location: 2F 1-2: Ball 2-2: Ball 3-2: Base on Balls
|
Batting: RHB Bill Mark
|
0-0: Ball 1-0: Ball 2-0: Fielders Choice at 2nd, 5-4 (Groundball, 56)
|
Bottom of the 3rd over - 4 run(s), 1 hit(s), 0 error(s), 0 left on base; Boston 3 - Hendersonville 4 |
TOP OF THE 4TH |
Boston Rebels batting - Pitching for Hendersonville Hitmen : RHP Samuel Émond
|
Batting: LHB Tony Ramírez
|
0-0: Ball 1-0: Called Strike 1-1: Called Strike 1-2: Ground out 6-3 (Groundball, 6M)
|
Batting: RHB Rubén Matos
|
0-0: Ball 1-0: Foul Ball, location: 2F 1-1: Fly out, F9 (Flyball, 89M)
|
Batting: LHB Ricardo Brandariz
|
0-0: Ball 1-0: Foul Ball, location: 2F 1-1: Fly out, F8 (Popup, 6MD)
|
Top of the 4th over - 0 run(s), 0 hit(s), 0 error(s), 0 left on base; Boston 3 - Hendersonville 4 |
BOTTOM OF THE 4TH |
Hendersonville Hitmen batting - Pitching for Boston Rebels : RHP Armand Calazzo
|
Batting: RHB Junior Vargas
|
0-0: Ball 1-0: Foul Ball, location: 2F 1-1: Ground out 6-3 (Groundball, 6)
|
Batting: RHB Taylor McFarland
|
0-0: Ball 1-0: TRIPLE (Flyball, 78XD)
|
Batting: RHB Robert Bly
|
0-0: SINGLE (Line Drive, 89S) Taylor McFarland scores
|
Batting: RHB Eduardo García
|
0-0: Fielders Choice at 2nd, 4-6 (Groundball, 34)
|
Batting: LHB Lorenzo Quintanilla
|
0-0: Called Strike 0-1: Foul Ball, location: 2F 0-2: Ball 1-2: Ground out 1-3 (Groundball, 13)
|
Bottom of the 4th over - 1 run(s), 2 hit(s), 0 error(s), 1 left on base; Boston 3 - Hendersonville 5 |
TOP OF THE 5TH |
Boston Rebels batting - Pitching for Hendersonville Hitmen : RHP Samuel Émond
|
Batting: LHB Stanley Mullins
|
0-0: Ball 1-0: Ground out 4-3 (Groundball, 34)
|
Batting: RHB Clancy Booker
|
0-0: Ball 1-0: Ball 2-0: Ball 3-0: Called Strike 3-1: SINGLE (Groundball, 56D)
|
Batting: LHB Lorenzo Flores
|
0-0: Called Strike 0-1: Ball 1-1: Foul Ball, location: 2F 1-2: Ball 2-2: Ground out 1-3 (Groundball, 13S) Clancy Booker to second
|
Batting: SHB Javier Villegas
|
0-0: Fly out, F6 (Popup, 6M)
|
Top of the 5th over - 0 run(s), 1 hit(s), 0 error(s), 1 left on base; Boston 3 - Hendersonville 5 |
BOTTOM OF THE 5TH |
Hendersonville Hitmen batting - Pitching for Boston Rebels : RHP Armand Calazzo
|
Batting: RHB Manolo Román
|
0-0: Ball 1-0: Foul Ball, location: 2F 1-1: Foul Ball, location: 2F 1-2: Foul Ball, location: 2F 1-2: Ball 2-2: Foul Ball, location: 2F 2-2: Ball 3-2: Base on Balls
|
Batting: LHB Tony Abete
|
0-0: Ball 1-0: Ball 2-0: Ball 3-0: Called Strike 3-1: Base on Balls Manolo Román to second
|
Batting: RHB Felipe Rivera
|
0-0: Ball 1-0: Foul Ball, location: 2F 1-1: Swinging Strike 1-2: Fly out, F8 (Flyball, 8LXD) Runner from 2nd tags up, SAFE at 3rd, no throw
|
Batting: RHB Bill Mark
|
0-0: Called Strike 0-1: Ball 1-1: Foul Ball, location: 2F 1-2: Grounds into double play, 6-4-3 (Groundball, 6M)
|
Bottom of the 5th over - 0 run(s), 0 hit(s), 0 error(s), 1 left on base; Boston 3 - Hendersonville 5 |
TOP OF THE 6TH |
Boston Rebels batting - Pitching for Hendersonville Hitmen : RHP Samuel Émond
|
Batting: LHB Jeff Gordon
|
0-0: Ball 1-0: Swinging Strike 1-1: Ball 2-1: Ball 3-1: Swinging Strike 3-2: Strikes out looking
|
Batting: RHB Ronnie Brown
|
0-0: Called Strike 0-1: Ball 1-1: Ground out 1-3 (Groundball, 13S)
|
Batting: LHB Tony Ramírez
|
0-0: Ball 1-0: Fly out, F5 (Popup, 5S)
|
Top of the 6th over - 0 run(s), 0 hit(s), 0 error(s), 0 left on base; Boston 3 - Hendersonville 5 |
BOTTOM OF THE 6TH |
Hendersonville Hitmen batting - Pitching for Boston Rebels : RHP Armand Calazzo
|
Pitching: RHP Mark MacGruder
|
|
Batting: RHB Junior Vargas
|
0-0: Ball 1-0: Ball 2-0: Called Strike 2-1: Swinging Strike 2-2: Foul Ball, location: 2F 2-2: Strikes out swinging
|
Batting: RHB Taylor McFarland
|
0-0: Called Strike 0-1: Ball 1-1: Ball 2-1: Foul Ball, location: 2F 2-2: Ground out 5-3 (Groundball, 5)
|
Batting: RHB Robert Bly
|
0-0: Ground out 6-3 (Groundball, 6)
|
Bottom of the 6th over - 0 run(s), 0 hit(s), 0 error(s), 0 left on base; Boston 3 - Hendersonville 5 |
TOP OF THE 7TH |
Boston Rebels batting - Pitching for Hendersonville Hitmen : RHP Samuel Émond
|
Pitching: LHP Alfonso Ramos
|
|
Batting: RHB Rubén Matos
|
0-0: Swinging Strike 0-1: Swinging Strike 0-2: SINGLE (Groundball, 34D)
|
Batting: LHB Ricardo Brandariz
|
0-0: Called Strike 0-1: Ball 1-1: Bunted foul 1-2: Fly out, F7 (Flyball, 78M)
|
Batting: LHB Stanley Mullins
|
0-0: Called Strike 0-1: Ball 1-1: Ball 2-1: Fielders Choice at 2nd, 3-6 (Groundball, 3)
|
Batting: RHB Clancy Booker
|
0-0: Ball 1-0: Ball 2-0: Ball 3-0: Called Strike 3-1: Foul Ball, location: 2F 3-2: Strikes out swinging
|
Top of the 7th over - 0 run(s), 1 hit(s), 0 error(s), 1 left on base; Boston 3 - Hendersonville 5 |
BOTTOM OF THE 7TH |
Hendersonville Hitmen batting - Pitching for Boston Rebels : RHP Mark MacGruder
|
Batting: RHB Eduardo García
|
0-0: Ground out 6-3 (Groundball, 6M)
|
Batting: LHB Lorenzo Quintanilla
|
0-0: Ball 1-0: Foul Ball, location: 2F 1-1: Ball 2-1: Ground out 4-3 (Groundball, 4)
|
Batting: RHB Manolo Román
|
0-0: Ball 1-0: Ball 2-0: Ball 3-0: Base on Balls
|
Batting: LHB Tony Abete
|
0-0: Ball 1-0: Called Strike 1-1: Swinging Strike 1-2: Ball 2-2: Ball 3-2: Strikes out looking
|
Bottom of the 7th over - 0 run(s), 0 hit(s), 0 error(s), 1 left on base; Boston 3 - Hendersonville 5 |
TOP OF THE 8TH |
Boston Rebels batting - Pitching for Hendersonville Hitmen : LHP Alfonso Ramos
|
Batting: LHB Lorenzo Flores
|
0-0: Called Strike 0-1: Ball 1-1: Foul Ball, location: 2F 1-2: Strikes out swinging
|
Batting: SHB Javier Villegas
|
0-0: Foul Ball, location: 2F 0-1: Foul Ball, location: 2F 0-2: Ball 1-2: Hit by Pitch
|
Pinch Runner at 1st Roberto Chávez:
|
|
Batting: LHB Jeff Gordon
|
0-0: Foul Ball, location: 2F 0-1: Swinging Strike 0-2: Ball 1-2: Ball 2-2: Strikes out swinging
|
Pitching: RHP Robinson Gonzáles
|
|
Batting: RHB Ronnie Brown
|
0-0: Fly out, F9 (Flyball, 89M)
|
Top of the 8th over - 0 run(s), 0 hit(s), 0 error(s), 1 left on base; Boston 3 - Hendersonville 5 |
BOTTOM OF THE 8TH |
Hendersonville Hitmen batting - Pitching for Boston Rebels : RHP Mark MacGruder
|
Pitching: RHP Alberto Bonilla
|
|
Now at 2B: Roberto Chávez
|
|
Batting: RHB Felipe Rivera
|
0-0: Foul Ball, location: 2F 0-1: Ball 1-1: Ball 2-1: Ball 3-1: Called Strike 3-2: Strikes out looking
|
Batting: RHB Bill Mark
|
0-0: Swinging Strike 0-1: Ball 1-1: Foul Ball, location: 2F 1-2: Foul Ball, location: 2F 1-2: Foul Ball, location: 2F 1-2: Ball 2-2: Foul Ball, location: 2F 2-2: SINGLE (Groundball, 13) (infield hit)
|
Batting: RHB Junior Vargas
|
0-0: Foul Ball, location: 2F 0-1: Swinging Strike 0-2: Foul Ball, location: 2F 0-2: Foul Ball, location: 2F 0-2: Ball 1-2: Grounds into double play, 5-4-3 (Groundball, 5)
|
Bottom of the 8th over - 0 run(s), 1 hit(s), 0 error(s), 0 left on base; Boston 3 - Hendersonville 5 |
TOP OF THE 9TH |
Boston Rebels batting - Pitching for Hendersonville Hitmen : RHP Robinson Gonzáles
|
Pitching: RHP Edward Cadle
|
|
Batting: LHB Tony Ramírez
|
0-0: SINGLE (Groundball, 6MD)
|
Batting: RHB Rubén Matos
|
0-0: Called Strike 0-1: Swinging Strike 0-2: Foul Ball, location: 2F 0-2: Ball 1-2: Ground out 5-3 (Groundball, 5S) Tony Ramírez to second
|
Batting: LHB Ricardo Brandariz
|
0-0: Called Strike 0-1: Swinging Strike 0-2: Ball 1-2: Strikes out swinging
|
Batting: LHB Stanley Mullins
|
0-0: Ball 1-0: Ball 2-0: Ground out 6-3 (Groundball, 6M)
|
Top of the 9th over - 0 run(s), 1 hit(s), 0 error(s), 1 left on base; Boston 3 - Hendersonville 5 |
|